 Dungeon Crawl Stone Soup version 0.21.1-1-g345015f (webtiles) character file.

213 kae the Chopper (level 5, 0/47 HPs)
             Began as a Hill Orc Fighter on June 11, 2018.
             Was a Follower of Wu Jian.
             Slain by a crimson imp (1 damage)
             ... summoned by Natasha
             ... on level 3 of the Dungeon.
             The game lasted 00:01:27 (2527 turns).

kae the Chopper (Hill Orc Fighter)                  Turns: 2527, Time: 00:01:28

Health: 0/47       AC:  7    Str: 20    XL:     5   Next: 90%
Magic:  5/5        EV:  7    Int:  8    God:    Wu Jian [*.....]
Gold:   134        SH:  9    Dex: 10    Spells: 4/4 levels left

rFire    . . .     SeeInvis .   a - +0 war axe
rCold    . . .     Gourm    .   c - +0 shield
rNeg     . . .     Faith    .   b - +0 scale mail
rPois    .         Spirit   .   (no helmet)
rElec    .         Reflect  .   (no cloak)
rCorr    .         Harm     .   (no gloves)
MR       .....                  (no boots)
Stlth    ..........             (no amulet)
HPRegen  0.15/turn              (no ring)
MPRegen  0.09/turn              (no ring)

@: slowed, very slow
A: no striking features
a: Renounce Religion


You were on level 3 of the Dungeon.
You worshipped Wu Jian.
Wu Jian was aware of your devotion.
You were not hungry.

You visited 1 branch of the dungeon, and saw 3 of its levels.

You collected 134 gold pieces.

Inventory:

Hand Weapons
 a - a +0 war axe (weapon)
Armour
 b - a +0 scale mail (worn)
 c - a +0 shield (worn)
Jewellery
 d - an uncursed ring of protection from magic {unknown}
 e - a +4 ring of intelligence {unknown}
Scrolls
 g - a scroll of enchant armour {unknown}
 h - 4 scrolls of identify {unknown}
 j - a scroll of remove curse {unknown}
 k - a scroll of random uselessness {unknown}
 l - a scroll of immolation {unknown}
 n - a scroll of noise {unknown}
 r - a scroll of fog {unknown}
Potions
 i - a potion of berserk rage {unknown}
 m - a potion of heal wounds {unknown}
 o - a potion of lignification {unknown}
 p - 2 potions of brilliance {unknown}
Comestibles
 f - 9 rations


   Skills:
 + Level 4.7 Fighting
 * Level 5.4 Axes
 + Level 4.2 Armour
 + Level 4.2 Shields


You had 4 spell levels left.
You didn't know any spells.

Dungeon Overview and Level Annotations

Branches:
Dungeon (3/15)

Altars:
Wu Jian

Annotations:
D:3 Natasha


Message History

The crimson imp hits you but does no damage.
Natasha completely misses you.
You slash Natasha!
Natasha is severely wounded.
You completely miss the crimson imp. The crimson imp hits you.
* * * LOW HITPOINT WARNING * * *
Natasha casts a spell.
You block the crimson imp's attack. You block Natasha's attack.
Okay, then.
You barely miss Natasha.
Natasha is severely wounded.
Your shield and scale mail prevent you from hitting the crimson imp.
The crimson imp disappears in a puff of smoke!
Natasha drinks a potion.
Natasha is healed!
You slash Natasha!
Natasha is severely wounded.
Natasha claws you.
* * * LOW HITPOINT WARNING * * *
You block Natasha's attack. The crimson imp hits you.
You die...

............ ............
#........... #...........
## #.............. #. ..
#............#.# #.
...###............#..####.
................)......>..
.###...h@...............†
..'.....5.................
..###....)................
.'.......................
.###.....................
#.....................
#.....................
................†......
........................


You could see Natasha and a crimson imp.

Vanquished Creatures
  An orc wizard (D:3)
  Natasha (D:3)
  3 gnolls (D:2)
  4 adders
  2 oozes
  3 worms
  A leopard gecko (D:3)
  8 orcs (D:3)
  A ball python (D:2)
  2 giant cockroaches (D:1)
  7 hobgoblins
  7 jackals
  7 kobolds
  2 quokkas (D:2)
  6 bats
  3 frilled lizards
  7 goblins
  4 rats
69 creatures vanquished.

Notes
Turn   | Place    | Note
-------+----------+-------------------------------------------
     0 | D:1      | kae the Hill Orc Fighter began the quest for the Orb.
     0 | D:1      | Reached XP level 1. HP: 19/19 MP: 1/1
   391 | D:1      | Reached skill level 3 in Axes
   391 | D:1      | Reached XP level 2. HP: 27/27 MP: 2/2
  1083 | D:2      | Reached XP level 3. HP: 25/33 MP: 3/3
  1085 | D:2      | Found an ornate altar of the Wu Jian Council.
  1131 | D:2      | Became a worshipper of the Wu Jian Council
  1374 | D:2      | Reached skill level 4 in Axes
  1743 | D:2      | Reached XP level 4. HP: 40/40 MP: 4/4
  2146 | D:3      | Reached * piety under Wu Jian
  2154 | D:3      | Reached XP level 5. HP: 40/47 MP: 5/5
  2158 | D:3      | Noticed Natasha
  2159 | D:3      | Reached skill level 5 in Axes
  2166 | D:3      | Killed Natasha
  2507 | D:3      | Noticed Natasha
  2527 | D:3      | HP: 1/47 [Natasha (5)]
  2527 | D:3      | Slain by a crimson imp

Skill      XL: |  1  2  3  4  5 |
---------------+----------------+-----
Axes           | 3 4 5 |  5.4
Fighting       | 4 |  4.7
Armour         | 4 |  4.2
Shields        | 4 |  4.2

Action                   |  1- 3 |  4- 6 || total
-------------------------+-------+-------++-------
Melee: War axe           |   153 |   119 ||   272
Invok: Lunge             |     4 |     3 ||     7
       Whirlwind         |       |     6 ||     6
  Use: Potion            |       |     1 ||     1
  Eat: Chunk             |     2 |     4 ||     6
Armor: Scale mail        |    84 |    41 ||   125
Dodge: Dodged            |    57 |    35 ||    92
Block: Shield            |    84 |    64 ||   148
